 Dungeon Crawl Stone Soup version 0.23.0-3-gf3c87f2df8 (webtiles) character file.

Game seed: 6217182373483476525

24766 paperworker the Slicer (level 13, -21/72 HPs)
             Began as a Vine Stalker Fighter on Feb 21, 2019.
             Was a Believer of Uskayaw.
             Demolished by an orc warrior
             ... wielding a +0 battleaxe
              (23 damage)
             ... on level 2 of the Orcish Mines.
             The game lasted 00:32:40 (11253 turns).

paperworker the Slicer (Vine Stalker Fighter)      Turns: 11253, Time: 00:32:41

Health: -21/72     AC: 11    Str: 26    XL:     13   Next: 15%
Magic:  0/14       EV: 10    Int:  8    God:    Uskayaw [**....]
Gold:   802        SH: 14    Dex: 21    Spells: 12/12 levels left

rFire    . . .     SeeInvis .   d - +1 dagger (speed)
rCold    . . .     Gourm    .   t - +1 shield
rNeg     . . .     Faith    .   H - +1 troll leather armour {regen}
rPois    .         Spirit   +   q - +0 helmet
rElec    .         Reflect  .   (no cloak)
rCorr    .         Harm     .   A - +2 pair of gloves
MR       +....                  (no boots)
Stlth    ++........             n - amulet of the acrobat
HPRegen  1.42/turn              Q - ring "Teuprinu" {Wiz Dex+4}
MPRegen  0.14/turn              v - +5 ring of strength

@: lightly drained
A: fangs 3, regeneration 2, magic shield, antimagic bite, no potion heal 3, rot
immunity
a: Stomp, Line Pass, Renounce Religion


You were on level 2 of the Orcish Mines.
You worshipped Uskayaw.
Uskayaw was noncommittal.
You were not hungry.

You visited 3 branches of the dungeon, and saw 15 of its levels.

You collected 802 gold pieces.

Inventory:

Hand Weapons
 d - a +1 dagger of speed (weapon)
Missiles
 N - a throwing net {=f, !d}
Armour
 q - a +0 helmet (worn)
 t - a +1 shield (worn)
 A - a +2 pair of gloves (worn)
 H - a +1 troll leather armour (worn) {regen}
Magical Staves
 P - an uncursed staff of summoning {unknown}
Jewellery
 h - an uncursed ring of see invisible {sInv, !d}
 n - an amulet of the acrobat (around neck)
 v - a +5 ring of strength (right hand)
 F - an uncursed ring of positive energy {rN+}
 Q - the ring "Teuprinu" (left hand) {Wiz Dex+4}
   (You found it on level 12 of the Dungeon)

   [ring of wizardry]

   It improves your spell success rate.
   It affects your dexterity (+4).
Wands
 a - a wand of random effects (27)
 p - a wand of iceblast (11)
 y - a wand of clouds (2)
 C - a wand of acid (27)
 O - a wand of paralysis (11)
Scrolls
 i - 4 scrolls of identify
 j - 6 scrolls of remove curse
 o - 2 scrolls of amnesia
 w - 5 scrolls of teleportation
 J - a scroll of torment {!r}
 L - a scroll of immolation {!r}
Potions
 c - a potion of agility
 g - a potion of degeneration {!q}
 k - 3 potions of lignification {!q}
 l - a potion of resistance
 m - 7 potions of heal wounds
 r - 6 potions of curing
 u - a potion of mutation {!q}
 x - a potion of flight
 z - a potion of haste
 B - 2 potions of invisibility
 D - a potion of ambrosia
 E - 2 potions of might
 I - a potion of magic
Comestibles
 b - 8 chunks of flesh
 f - 20 rations


   Skills:
 - Level 10.7(10.4) Fighting
 - Level 10.9(10.7) Short Blades
 + Level 9.2(9.0) Armour
 + Level 10.0(9.7) Shields


You had 12 spell levels left.
You didn't know any spells.
Your spell library contained the following spells:

 Spells                   Type           Power        Failure   Level  Hunger
 Confusing Touch          Hex            #.....       34%         1    ##.....
 Confuse                  Hex            #.......     71%         3    ####...
 Gell's Gravitas          Tloc           #.........   71%         3    ####...
 Petrify                  Tmut/Erth      #.......     97%         4    #####..
 Metabolic Englaciation   Hex/Ice        #.........   100%        5    ######.
 Yara's Violent Unravell  Hex/Tmut       #.........   100%        5    ######.


Dungeon Overview and Level Annotations

Branches:
Dungeon (12/15)            Temple (1/1) D:4            Lair (0/6) D:9
    Orc (2/2) D:9             Elf (0/3) Orc:2

Altars:
Ashenzari
Cheibriados
Dithmenos
Fedhas
Gozag
Hepliaklqana
Kikubaaqudgha
Makhleb
Nemelex Xobeh
Okawaru
Qazlal
Ru
Trog
Uskayaw
Vehumet
Xom
Yredelemnul
Zin
The Shining One

Shops:
D:5 =

Annotations:
D:5 1 runed translucent door, Crazy Yiuf
D:10 2 transporters, SharpKris's ghost, novice GnWr


Innate Abilities, Weirdness & Mutations

You have razor-sharp teeth.
You heal very quickly.
When hurt, damage is shared between your health and your magic reserves.
Your bite disrupts and absorbs the magic of your enemies.
Potions cannot restore your health.
You are immune to rotting.


Message History

The orc warrior hits you with a +0 battleaxe.
You hit the orc knight but do no damage.
You block the orc's attack.
The orc knight roars a battlecry!
The orcs go into a battle-frenzy!
The orc wizard casts a spell.
The orc wizard flickers and vanishes!
Deactivating autopickup; reactivate with Ctrl-A.
You hit the orc knight but do no damage.
You bite the orc knight. You drain its power.
You feel invigorated.
An orc comes into view.
The orc warrior barely misses you.
The orc warrior hits you from afar with a +0 glaive!
* * * LOW HITPOINT WARNING * * *
You hit the orc knight. You bite the orc knight! You drain its power.
You feel invigorated.
The orc warrior hits you with a +0 morningstar!!
* * * LOW HITPOINT WARNING * * *
The orc warrior hits you with a +0 battleaxe!!
You die...

........................
........................
.......................>
...............$........
................#.......
#...............o.......
................oo<...$.
.............$)(@oo.....
......รท.........ooo.....
........))......o....o..
.......)<...............
......................{.
....##################.o
....# . ....# ....#


You could see an orc knight, 6 orc warriors, an orc wizard and 3 orcs.

Vanquished Creatures
  A hydra (D:10)
  Harold (D:11)
  3 centaur warriors
  4 death yaks
  An unseen horror (D:11)
  Pikel (D:6)
  5 ugly things
  4 cyclopes
  Joseph (D:7)
  Psyche (D:9)
  2 trolls
  A queen bee (D:8)
  8 slime creatures
  3 hippogriffs
  2 wraiths (D:11)
  3 wyverns
  15 yaks
  2 hungry ghosts (D:8)
  Menkaure (D:5)
  Edmund (D:5)
  A warg (Orc:2)
  2 water moccasins (D:11)
  A porcupine (D:9)
  3 orc warriors
  3 black bears (D:10)
  4 ice beasts
  5 sky beasts
  4 ogres
  4 phantoms
  10 centaurs
  6 big kobolds
  Blork the orc (D:6)
  11 bullfrogs
  2 gnoll sergeants
  A wyvern zombie (D:7)
  3 scorpions
  13 killer bees (D:8)
  2 howler monkeys (D:9)
  4 crimson imps
  3 centaur zombies
  3 bullfrog zombies
  5 hounds
  8 orc priests
  2 centaur skeletons
  2 gnoll shamans
  8 orc wizards
  6 jellies
  A bullfrog skeleton (D:8)
  Natasha (D:2)
  5 iguanas
  2 hell rats (D:9)
  11 worker ants
  A worker ant zombie (D:7)
  Robin (D:2)
  23 gnolls
  A howler monkey skeleton (D:9)
  A river rat (D:9)
  6 adders
  3 oozes (D:7)
  An adder skeleton (D:8)
  2 worms
  4 dart slugs
  3 leopard geckos
  35 orcs
  2 bat zombies (D:2)
  5 giant cockroaches
  10 goblins
  10 hobgoblins
  2 jackals (D:6)
  30 kobolds
  5 quokkas
  A ball python (D:4)
  8 bats
  4 frilled lizards
  A jackal skeleton (D:5)
  A leopard gecko skeleton (D:6)
  A leopard gecko zombie (D:8)
  7 rats
365 creatures vanquished.

Vanquished Creatures (others)
  A two-headed ogre (D:9)
  A slave (D:6)
  An orc (D:6)
  3 fungi (D:7)
  A plant (D:10)
  6 toadstools (D:7)
13 creatures vanquished.

Grand Total: 378 creatures vanquished

Notes
Turn   | Place    | Note
-------+----------+-------------------------------------------
     0 | D:1      | paperworker the Vine Stalker Fighter began the quest for
                  | the Orb.
     0 | D:1      | Reached XP level 1. HP: 11/11 MP: 2/2
   300 | D:1      | Reached XP level 2. HP: 16/16 MP: 3/3
   843 | D:2      | Reached XP level 3. HP: 20/20 MP: 4/4
   985 | D:2      | Noticed Robin
  1004 | D:2      | HP: 1/20 [Robin/+0 club (1)]
  1005 | D:2      | Killed Robin
  1034 | D:2      | Found a burning altar of Makhleb.
  1224 | D:2      | Gained mutation: Your natural rate of healing is unusually
                  | fast. [Vine Stalker growth]
  1224 | D:2      | Reached XP level 4. HP: 15/24 MP: 5/5
  1372 | D:2      | Noticed Natasha
  1382 | D:2      | Killed Natasha
  1563 | D:2      | Found an iron altar of Okawaru.
  1749 | D:2      | Found an ancient bone altar of Kikubaaqudgha.
  1888 | D:3      | Reached XP level 5. HP: 23/28 MP: 6/6
  1982 | D:3      | Found a sacrificial altar of Ru.
  2307 | D:4      | Found a staircase to the Ecumenical Temple.
  2316 | Temple   | Entered the Ecumenical Temple
  2323 | Temple   | Became a worshipper of Uskayaw the Reveler
  2353 | D:4      | Reached * piety under Uskayaw
  2379 | D:4      | Noticed a phantom
  2385 | D:4      | Reached ** piety under Uskayaw
  2394 | D:4      | Reached *** piety under Uskayaw
  2397 | D:4      | Reached **** piety under Uskayaw
  2398 | D:4      | Killed a phantom
  2398 | D:4      | Reached XP level 6. HP: 26/33 MP: 7/7
  2409 | D:4      | Reached ***** piety under Uskayaw
  2421 | D:4      | Reached skill level 5 in Short Blades
  2478 | D:4      | Noticed an ice beast
  2486 | D:4      | Killed an ice beast
  2486 | D:4      | Reached XP level 7. HP: 38/38 MP: 8/8
  2788 | D:5      | Entered Level 5 of the Dungeon
  2947 | D:5      | Noticed Edmund
  2971 | D:5      | Killed Edmund
  2971 | D:5      | Reached skill level 5 in Fighting
  3017 | D:5      | Noticed Menkaure
  3032 | D:5      | Killed Menkaure
  3032 | D:5      | Gained mutation: You have razor-sharp teeth. [Vine Stalker
                  | growth]
  3032 | D:5      | Reached XP level 8. HP: 19/43 MP: 9/9
  3268 | D:5      | Found a runed translucent door.
  3269 | D:5      | Noticed Crazy Yiuf
  3288 | D:5      | Found Dahel's Jewellery Shop.
  3431 | D:5      | Noticed an angel
  3432 | D:5      | Found a glowing silver altar of Zin.
  3614 | D:6      | Noticed Blork the orc
  3637 | D:6      | Killed Blork the orc
  3650 | D:6      | Noticed Pikel
  3689 | D:6      | Reached ****** piety under Uskayaw
  3704 | D:6      | Killed Pikel
  3704 | D:6      | Reached XP level 9. HP: 24/49 MP: 10/10
  3898 | D:6      | Found a bloodstained altar of Trog.
  4011 | D:6      | You fall through a shaft!
  4011 | D:7      | Noticed Joseph
  4069 | D:7      | Killed Joseph
  4468 | D:7      | Reached skill level 10 in Short Blades
  4786 | D:7      | Reached XP level 10. HP: 15/56 MP: 11/11
  5082 | D:7      | Found a radiant altar of Vehumet.
  5882 | D:8      | HP: 2/57 [poisoned by a killer bee]
  5887 | D:8      | HP: 2/57 [poisoned by a killer bee]
  6131 | D:8      | Found an opulent altar of Gozag.
  6884 | D:9      | Found a staircase to the Orcish Mines.
  6884 | D:9      | Noticed a death yak
  6973 | D:9      | Noticed a two-headed ogre
  6987 | D:9      | Noticed a centaur warrior
  6997 | D:9      | Killed a two-headed ogre
  6997 | D:9      | Reached skill level 5 in Shields
  6997 | D:9      | Reached XP level 11. HP: 19/62 MP: 7/12
  7012 | D:9      | Killed a centaur warrior
  7305 | D:9      | Noticed Psyche
  7342 | D:9      | Reached skill level 5 in Armour
  7353 | D:9      | Killed Psyche
  7390 | D:9      | Found a staircase to the Lair.
  7391 | D:9      | Noticed a death yak
  7391 | D:9      | Noticed a death yak
  7419 | D:9      | Killed a death yak
  7435 | D:9      | Killed a death yak
  7491 | D:9      | Killed a death yak
  7491 | D:9      | Reached skill level 10 in Fighting
  7931 | D:10     | Entered Level 10 of the Dungeon
  7934 | D:10     | Noticed a two-headed ogre
  7934 | D:10     | Noticed SharpKris's ghost (novice GnWr)
  7935 | D:10     | Found a transporter.
  8176 | D:10     | Noticed a death yak
  8202 | D:10     | Killed a death yak
  8202 | D:10     | Gained mutation: You heal very quickly. [Vine Stalker
                  | growth]
  8202 | D:10     | Reached XP level 12. HP: 5/68 MP: 2/13
  8335 | D:10     | Found a transporter.
  8526 | D:10     | Noticed a centaur warrior
  8528 | D:10     | Noticed a four-headed hydra
  8550 | D:10     | Killed a four-headed hydra
  8561 | D:10     | Killed a centaur warrior
  9633 | D:11     | Noticed Harold
  9654 | D:11     | Killed Harold
 10173 | D:11     | Noticed a centaur warrior
 10188 | D:11     | Killed a centaur warrior
 10541 | D:11     | Reached XP level 13. HP: 58/72 MP: 14/14
 10768 | D:12     | Got a shimmering glass ring
 10831 | D:11     | Identified the ring "Teuprinu" {Wiz Dex+4} (You found it on
                  | level 12 of the Dungeon)
 11074 | Orc:1    | Entered Level 1 of the Orcish Mines
 11146 | Orc:2    | Entered Level 2 of the Orcish Mines
 11156 | Orc:2    | Reached skill level 10 in Shields
 11236 | Orc:2    | Found a staircase to the Elven Halls.
 11253 | Orc:2    | HP: 2/72 [orc warrior/+0 morningstar[an orc knight] (15)]
 11253 | Orc:2    | Demolished by an orc warrior

Skill      XL: |  1  2  3  4  5  6  7  8  9 10 11 12 13 |
---------------+----------------------------------------+-----
Short Blades   | 2 3 4 5 6 8 10 | 10.9
Fighting       | 3 4 5 6 7 9 10 | 10.7
Shields        | 5 7 9 10 | 10.0
Armour         | 4 6 8 9 |  9.2

Action                   |  1- 3 |  4- 6 |  7- 9 | 10-12 | 13-15 || total
-------------------------+-------+-------+-------+-------+-------++-------
Melee: Rapier            |    89 |       |       |       |       ||    89
       Bite              |    33 |    58 |   171 |   518 |    81 ||   861
       Dagger            |     9 |   170 |   414 |  1128 |   137 ||  1858
Evoke: Wand              |       |       |     5 |       |       ||     5
  Use: Potion            |     1 |       |     4 |     1 |       ||     6
       Scroll            |       |       |       |       |    19 ||    19
 Stab: Paralysed         |       |     4 |    21 |    45 |     5 ||    75
  Eat: Chunk             |     1 |     4 |     7 |    18 |     3 ||    33
       Ration            |       |       |       |     1 |       ||     1
Armor: Scale mail        |    40 |    44 |    70 |   108 |       ||   262
       Skin              |       |       |    22 |       |       ||    22
       Troll leather arm |       |       |       |    24 |    16 ||    40
Dodge: Dodged            |    34 |    31 |    64 |   167 |    26 ||   322
Block: Shield            |    51 |    50 |   117 |   306 |    50 ||   574
